 Dungeon Crawl Stone Soup version 0.28.0-1-gb440e238dd (webtiles) character file.

Game seed: 8869928825792536690

731 sanka the Poker (level 7, -5/54 HPs)
             Began as a Merfolk Conjurer on Feb 22, 2022.
             Was a Priest of Lugonu.
             Slain by an orc warrior (15 damage)
             ... on level 5 of the Dungeon.
             The game lasted 00:07:43 (5059 turns).

sanka the Poker (Merfolk Conjurer)                  Turns: 5059, Time: 00:07:44

Health: -5/54      AC:  3    Str:  8    XL:     7   Next: 73%
Magic:  10/10      EV: 14    Int: 19    God:    Lugonu [***...]
Gold:   165        SH:  0    Dex: 14    Spells: 7/10 levels left

rFire   + . .      SeeInvis +   j - +8 quarterstaff of Beogh's Envy {freeze, Int+2}
rCold   + . .      Faith    .   (shield currently unavailable)
rNeg    . . .      Spirit   .   a - +0 robe
rPois   .          Reflect  .   (no helmet)
rElec   .          Harm     .   e - scarf {rC+ rF+}
rCorr   .          Rampage  .   q - +0 pair of gloves
Will    .....                   (no boots)
Stlth   ++........              (no amulet)
HPRegen 0.18/turn               r - ring of see invisible
MPRegen 0.12/turn               (no ring)

@: no status effects
A: (nimble swimmer 2), mertail
a: Renounce Religion, Depart the Abyss, Bend Space, Banish


You were on level 5 of the Dungeon.
You worshipped Lugonu.
Lugonu was most pleased with you.
You visited 1 branch of the dungeon, and saw 5 of its levels.

You collected 165 gold pieces.

Inventory:

Hand Weapons
 d - a +0 spear
 i - a +0 trident
 j - the +8 quarterstaff of Beogh's Envy (weapon) {freeze, Int+2}
   (You found it on level 2 of the Dungeon)

   It freezes those it strikes, dealing additional cold damage.
   It can also slow down cold-blooded creatures.
   Int:       It affects your intelligence (+2).
Armour
 a - a +0 robe (worn)
 e - a scarf of resistance (worn)
 q - a +0 pair of gloves (worn)
 t - a +0 cloak
Jewellery
 r - a ring of see invisible (left hand)
Wands
 k - a wand of digging (2)
Scrolls
 f - 2 scrolls of magic mapping {unknown}
 h - a scroll of enchant armour {unknown}
 m - 2 scrolls of identify {unknown}
 n - 2 scrolls of amnesia {unknown}
 p - a scroll of teleportation {unknown}
Potions
 b - a potion of might {unknown}
 c - 4 potions of curing
 g - a potion of mutation {unknown}
 l - 3 potions of brilliance {unknown}
 o - a potion of lignification {unknown}
 s - a potion of haste {unknown}


   Skills:
 + Level 4.3 Fighting
 + Level 7.1 Polearms
 + Level 6.1 Dodging
 - Level 2.1 Stealth
 - Level 2.0 Spellcasting
 - Level 4.0 Conjurations


You had 7 spell levels left.
You knew the following spells:

 Your Spells              Type           Power      Damage    Failure   Level
a - Magic Dart            Conj           68%        1d6       3%          1
b - Searing Ray           Conj           34%        2d5       4%          2

Your spell library contained the following spells:

 Spells                   Type           Power      Damage    Failure   Level
 Dazzling Flash           Conj/Hex       18%        N/A       22%         3
 Summon Guardian Golem    Hex/Summ       1%         N/A       45%         3
 Fulminant Prism          Conj/Hex       4%         3d6       58%         4
 Iskenderun's Mystic Bla  Conj/Tloc      9%         2d4       58%         4
 Orb of Destruction       Conj           8%         9d6       100%        7
 Spellforged Servitor     Conj/Summ      4%         N/A       100%        7


Dungeon Overview and Level Annotations

Branches:
Dungeon (5/15)
 Temple: D:4-7

Altars:
Hepliaklqana
Trog
The Shining One
Lugonu

Shops:
D:3 ((=

Annotations:
D:3 3 runed translucent doors, Hyawatha's ghost, weakling HOHu


Innate Abilities, Weirdness & Mutations

((You are very nimble when in or above water. (Stealth+, EV+, Speed+++)))
Your lower body shifts to a powerful aquatic tail in water.


Message History

You feel hot and cold all over.
You start putting on your armour.
You continue putting on your +0 cloak. x5
You finish putting on your +0 cloak.
You start removing your armour.
You continue taking off your +0 cloak. x4
You finish taking off your +0 cloak.
You start putting on your armour.
You continue putting on your scarf of resistance. x5
You finish putting on your scarf of resistance.
You feel resistant to extremes of temperature.
Unknown command.
Unknown command.
Found 12 sling bullets.
An orc warrior, an orc priest, an orc and an orc wizard come into view.
The helpless orc priest fails to defend itself.
You sock the orc priest! You freeze the orc priest.
You kill the orc priest!
Lugonu accepts your kill.
You hit the orc. You freeze the orc.
The orc is heavily wounded.
The orc wizard shouts!
You hear a shout!
The orc warrior hits you from afar with a +0 halberd!
The orc closely misses you.
You completely miss the orc.
The orc is heavily wounded.
The orc warrior hits you from afar with a +0 halberd!
The orc misses you.
You sock the orc! You freeze the orc.
You kill the orc!
Lugonu accepts your kill.
The orc warrior hits you from afar with a +0 halberd.
The orc wizard casts a spell.
The orc wizard flickers and vanishes for a moment.
The orc warrior hits you with a +0 halberd!
Things that are here:
a +0 dagger; a +0 mace You barely miss the orc warrior.
The orc warrior hits you with a +0 halberd!
* * * LOW HITPOINT WARNING * * *
The orc warrior hits you with a +0 halberd!
You die...

### ..# #o#
######### #o#
#.......# #@#
#.#####.#
#.######.#####.#
#...........##.#
########..(....#
#.##.##.#
#.......#
#.###.#.#
#.###.#.#
#.......#


You could see an orc warrior and an orc wizard (invisible).

Vanquished Creatures
  An ogre (D:4)
  A necrophage (D:4)
  A jelly (D:4)
  2 hounds (D:4)
  2 orc priests
  A scorpion zombie (D:4)
  Jessica (D:3)
  Natasha (thrice) (D:3)
  An orc wizard (D:2)
  4 hound skeletons
  4 hound zombies (D:4)
  5 adders
  7 adder zombies (D:4)
  3 adder skeletons (D:4)
  2 dart slugs
  12 orcs
  3 ball pythons
  A bat (D:2)
  4 endoplasms
  A giant cockroach (D:4)
  2 goblins
  8 hobgoblins
  4 jackals
  4 kobolds
  A frilled lizard (D:2)
  3 rats
81 creatures vanquished.

Vanquished Creatures (others)
  2 withered plants (D:4)
2 creatures vanquished.

Grand Total: 83 creatures vanquished

Notes
Turn   | Place    | Note
-------+----------+-------------------------------------------
     0 | D:1      | sanka the Merfolk Conjurer began the quest for the Orb.
     0 | D:1      | Reached XP level 1. HP: 13/13 MP: 3/3
   424 | D:1      | Reached skill level 1 in Polearms
   623 | D:1      | Reached XP level 2. HP: 19/19 MP: 0/5
  1193 | D:1      | Learned a level 2 spell: Searing Ray
  1403 | D:2      | Reached skill level 3 in Polearms
  1403 | D:2      | Reached XP level 3. HP: 10/24 MP: 1/6
  1732 | D:2      | Reached skill level 4 in Polearms
  1732 | D:2      | Reached XP level 4. HP: 16/30 MP: 0/7
  1975 | D:2      | Found a faded altar of an unknown god.
  1980 | D:2      | Prayed at the altar of an unknown god.
  1980 | D:2      | Became a worshipper of Lugonu the Unformed
  1980 | D:2      | Reached * piety under Lugonu
  1980 | D:2      | Reached ** piety under Lugonu
  2102 | D:2      | Identified the +8 quarterstaff of Beogh's Envy {freeze,
                  | Int+2}
  2512 | D:2      | Reached skill level 1 in Fighting
  2904 | D:3      | Noticed Natasha
  2910 | D:3      | Killed Natasha
  2911 | D:3      | Reached XP level 5. HP: 32/37 MP: 8/8
  2960 | D:3      | Found Maem's Jewellery Shop.
  2989 | D:3      | Noticed Natasha
  2994 | D:3      | Killed Natasha
  3029 | D:3      | Found a hazy altar of Hepliaklqana.
  3047 | D:3      | Found Xionkutuh's Antique Weapon Shoppe.
  3048 | D:3      | Noticed Jessica
  3055 | D:3      | Killed Jessica
  3101 | D:3      | Found Igyell's Weapon Shoppe.
  3106 | D:3      | Noticed Natasha
  3113 | D:3      | Killed Natasha
  3114 | D:3      | Reached skill level 5 in Polearms
  3114 | D:3      | Reached XP level 6. HP: 20/44 MP: 6/9
  3312 | D:3      | Found a runed translucent gate.
  3313 | D:3      | Found a runed translucent gate.
  3314 | D:3      | Found a runed translucent gate.
  3314 | D:3      | Noticed Hyawatha's ghost (weakling HOHu)
  3393 | D:3      | Found a glowing golden altar of the Shining One.
  4061 | D:4      | Reached skill level 6 in Polearms
  4061 | D:4      | Reached skill level 5 in Dodging
  4173 | D:4      | Reached XP level 7. HP: 28/52 MP: 10/10
  4187 | D:4      | Reached *** piety under Lugonu
  4544 | D:4      | Found a bloodstained altar of Trog.
  4966 | D:5      | Entered Level 5 of the Dungeon
  4975 | D:5      | Reached skill level 7 in Polearms
  5059 | D:5      | Slain by an orc warrior

Illustrated notes

Levels and vault maps discovered:
D:1:      amcnicky_arrival_underground_garden, layout_basic
D:2:      cheibrodos_pilgrimage, layout_loops_ring,
          ebering_ecumenical_altar_hall, minmay_tromino_v2
D:3:      layout_basic, mainiacjoe_overflow_alcove_1,
          mainiacjoe_overflow_small_starburst, serial_shops,
          nicolae_shop_behind_doors, nicolae_shop_behind_doors,
          nicolae_shop_competitors_out_of_business, ebering_ghost_rock_garden,
          uniq_jessica, uniq_natasha
D:4:      layout_basic, mainiacjoe_overflow_24_doors, serial_undead,
          serial_undead_a, serial_undead_a, serial_undead_a, serial_undead_c,
          serial_undead_f, serial_undead_d, serial_undead_e,
          minmay_fountain_box, mrwooster_statue_mirror, minmay_cupped
D:5:      layout_loops_cross, mainiacjoe_overflow_alcove_2,
          minmay_temple_entry_enclosed_plants, kb_lookout_dungeons_type,
          kennysheep_flooded_box, hex_tiny, uniq_edmund

Skill      XL: |  1  2  3  4  5  6  7 |
---------------+----------------------+-----
Polearms       | 1 3 4 5 6 7 |  7.1
Conjurations   | 4 |  4.0
Dodging        | 3 4 5 6 |  6.1
Fighting       | 1 2 3 4 |  4.3
Stealth        | |  2.1
Spellcasting   | |  2.0

Action                   |  1- 3 |  4- 6 |  7- 9 || total
-------------------------+-------+-------+-------++-------
Melee: Spear             |    28 |       |       ||    28
       Trident           |     3 |       |       ||     3
       Quarterstaff      |       |    78 |    67 ||   145
 Cast: Magic Dart        |    22 |    12 |     3 ||    37
       Searing Ray       |     3 |     1 |       ||     4
  Use: Potion            |     1 |       |       ||     1
 Stab: Sleeping          |       |     2 |     2 ||     4
Armor: Robe              |     7 |    16 |     9 ||    32
Dodge: Dodged            |     9 |    55 |    52 ||   116
